 Dungeon Crawl Stone Soup version 0.19.1 (webtiles) character file.

51516 JeffiDaFish the Basher (level 14, -8/91 HPs)
             Began as a Gargoyle Fighter on Dec 5, 2016.
             Was the Champion of Makhleb.
             Mangled by a titanic slime creature (26 damage)
             ... on level 12 of the Dungeon on Dec 6, 2016.
             The game lasted 00:46:30 (17485 turns).

JeffiDaFish the Basher (Gargoyle Fighter)          Turns: 17485, Time: 00:46:31

Health: -8/91      AC: 32    Str: 28    XL:     14   Next: 60%
Magic:  19/19      EV:  8    Int: 17    God:    Makhleb [******]
Gold:   1090       SH: 15    Dex: 13    Spells: 1 memorised, 15 levels left

rFire  . . .     SeeInvis +     J - +7 whip of Xesour {freeze, rElec Dex+2 SInv}
rCold  + . .     Gourm    .     y - +2 plate armour {rC+}
rNeg   + . .     Faith    .     c - +1 shield
rPois  ∞         Spirit   .     (helmet restricted)
rElec  +         Reflect  .     w - +2 cloak
rCorr  .         Harm     .     a - +1 pair of gloves
MR     +....                    (no boots)
Stlth  ..........               (no amulet)
                                I - +5 ring of intelligence
                                H - +4 ring of strength

@: flying
A: big wings, horns 1, clever 1, mutation resistance 1, negative energy
resistance 1, electricity resistance, strong 1, unbreathing, petrification
resistance, rot immunity, AC +9
a: Stop Flying, Minor Destruction, Lesser Servant of Makhleb, Major Destruction,
Greater Servant of Makhleb, Renounce Religion


You were on level 12 of the Dungeon.
You worshipped Makhleb.
Makhleb was exalted by your worship.
You were not hungry.

You visited 3 branches of the dungeon, and saw 19 of its levels.
You also visited: Ice Cave.

You collected 1090 gold pieces.

Inventory:

Hand Weapons
 s - a +5 morningstar of electrocution
 J - the +7 whip of Xesour (weapon) {freeze, rElec Dex+2 SInv}
   (You found it on level 11 of the Dungeon)

   It has been specially enchanted to freeze those struck by it, causing extra
   injury to most foes and up to half again as much damage against particularly
   susceptible opponents.
   It can also slow down cold-blooded creatures.
   It affects your dexterity (+2).
   It insulates you from electricity.
   It lets you see invisible.
Armour
 a - a +1 pair of gloves (worn)
 c - a +1 shield (worn)
 u - a +1 helmet
 w - a +2 cloak (worn)
 y - a +2 plate armour of cold resistance (worn)
Jewellery
 H - a +4 ring of strength (left hand)
 I - a +5 ring of intelligence (right hand)
Wands
 t - a wand of teleportation (5/9)
Scrolls
 b - 7 scrolls of teleportation
 e - 9 scrolls of identify
 k - a scroll of amnesia
 l - a scroll of brand weapon
 p - 8 scrolls of remove curse
 q - 4 scrolls of magic mapping
 z - 4 scrolls of recharging
 E - 2 scrolls of blinking
Potions
 d - 2 potions of might
 g - 3 potions of brilliance
 h - 3 potions of curing
 i - 4 potions of flight
 m - 3 potions of berserk rage
 n - a potion of agility
 x - a potion of magic
 B - 2 potions of ambrosia
 C - a potion of resistance
 L - a potion of invisibility
Books
 v - a book of Necromancy

   Spells                             Type                      Level
   a - Pain                           Necromancy                   1
   b - Animate Skeleton               Necromancy                   1
   c - Vampiric Draining              Necromancy                   3
   d - Regeneration                   Charms/Necromancy            3
   e - Animate Dead                   Necromancy                   4
   f - Control Undead                 Necromancy                   4
 F - a book of Conjurations

   Spells                             Type                      Level
   a - Magic Dart                     Conjuration                  1
   b - Searing Ray                    Conjuration                  2
   c - Dazzling Spray                 Conjuration/Hexes            3
   d - Fulminant Prism                Conjuration/Hexes            4
   e - Iskenderun's Mystic Blast      Conjuration                  4
   f - Iskenderun's Battlesphere      Conjuration/Charms           5
 G - a book of Air

   Spells                             Type                      Level
   a - Shock                          Conjuration/Air              1
   b - Swiftness                      Charms/Air                   2
   c - Repel Missiles                 Charms/Air                   2
   d - Static Discharge               Conjuration/Air              3
   e - Lightning Bolt                 Conjuration/Air              5
 K - a Young Poisoner's Handbook

   Spells                             Type                      Level
   a - Sting                          Conjuration/Poison           1
   b - Mephitic Cloud                 Conjuration/Poison/Air       3
   c - Olgreb's Toxic Radiance        Poison                       4
   d - Alistair's Intoxication        Transmutation/Poison         5
   e - Venom Bolt                     Conjuration/Poison           5
Comestibles
 f - 16 bread rations
 j - 3 meat rations
 o - 7 beef jerkies
 r - 15 fruits
 A - 2 royal jellies
 D - 10 chunks of flesh
 N - a slice of pizza


   Skills:
 * Level 11.8 Fighting
 * Level 14.7 Maces & Flails
 * Level 10.7 Armour
 - Level 2.0 Dodging
 - Level 1.9 Stealth
 * Level 13.6 Shields
 + Level 3.4 Spellcasting
 + Level 3.5 Conjurations
 + Level 3.8 Hexes


You had 15 spell levels left.
You knew the following spells:

 Your Spells              Type           Power        Failure   Level  Hunger
a - Fulminant Prism       Conj/Hex       ###.......   100%        4    ####...


Dungeon Overview and Level Annotations

Branches:
Dungeon (12/15)            Temple (1/1) D:5            Lair (6/6) D:10
 Shoals (0/4) Lair:3        Snake (0/4) Lair:3        Slime (0/5) Lair:6
    Orc (0/2) D:11

Altars:
Ashenzari
Cheibriados
Dithmenos
Elyvilon
Fedhas
Gozag
Hepliaklqana
Kikubaaqudgha
Makhleb
Nemelex Xobeh
Ru
Sif Muna
Uskayaw
Vehumet
Xom
Yredelemnul
The Shining One


Innate Abilities, Weirdness & Mutations

You are resistant to torment.
Your stone body is resilient. (AC +9)
You are immune to poison.
Your large and strong wings let you fly indefinitely.
You resist negative energy. (rN+)
You are resistant to electric shocks. (rElec)
You can survive without breathing.
You are immune to petrification.
You are immune to rotting.
You have a pair of small horns on your head.
Your mind is acute. (Int +2)
You are somewhat resistant to further mutation.
Your muscles are strong. (Str +2)


Message History

You whack the titanic slime creature! You freeze the titanic slime creature.
The titanic slime creature is heavily wounded.
You whack the titanic slime creature! You freeze the titanic slime creature.
The titanic slime creature is heavily wounded.
The titanic slime creature hits you.
You whack the titanic slime creature! You freeze the titanic slime creature.
The titanic slime creature is heavily wounded.
You whack the titanic slime creature! You freeze the titanic slime creature.
The titanic slime creature is heavily wounded.
The titanic slime creature hits you but does no damage.
You hit the titanic slime creature. You freeze the titanic slime creature.
You headbutt the titanic slime creature!
The titanic slime creature is heavily wounded.
You whack the titanic slime creature! You freeze the titanic slime creature.
The titanic slime creature is severely wounded.
The titanic slime creature hits you!!!!
Ouch! That really hurt!
* * * LOW HITPOINT WARNING * * *
The titanic slime creature hits you!!
You die...

#.#..#..#.##.....#
#......(..##.....#
###......##.....#
###.##.##.....#
#.##.##.#####
#.......#
####.#### #.# ###
#@##...##.
#.J......#
####...##. ###


You could see a titanic slime creature.

Vanquished Creatures
  Snorg (Lair:6)
  A fire dragon (Lair:6)
  The ghost of christhawk the Slinger, a journeyman HaHu of Okawaru (D:11)
  3 hydras
  A catoblepas (Lair:6)
  A centaur warrior (D:11)
  Nergalle (Lair:4)
  2 fire crabs (Lair:6)
  A hill giant (D:11)
  A lindwurm (Lair:6)
  A necromancer (Lair:2)
  4 ugly things
  13 elephants
  Maurice (D:11)
  A siren (Lair:3)
  4 black mambas (Lair:6)
  3 molten gargoyles (Lair:6)
  8 spiny frogs
  5 rime drakes
  8 komodo dragons
  2 trolls
  2 polar bears (Lair:6)
  2 merfolk (Lair:3)
  25 blink frogs
  9 hippogriffs
  3 slime creatures
  A spriggan (D:7)
  35 yaks
  5 wyverns
  Grum (D:8)
  2 hungry ghosts (D:9)
  10 basilisks
  3 vampire mosquitoes (D:12)
  Menkaure (D:5)
  A mottled dragon (Lair:6)
  10 water moccasins
  6 nagas (Lair:3)
  3 hell hounds (Lair:6)
  10 porcupines
  Duvessa (D:7)
  7 ice beasts
  4 orc warriors
  A phantom (D:8)
  2 sky beasts
  2 black bears
  8 ogres
  11 wolves
  4 centaurs
  13 crocodiles
  14 bullfrogs
  2 big kobolds
  A wyvern skeleton (D:10)
  2 water moccasin skeletons
  5 scorpions
  5 killer bees (D:7)
  Dowan (D:7)
  3 wights (D:11)
  A howler monkey (D:6)
  3 electric eels
  7 crimson imps
  3 bullfrog zombies
  5 lava snakes (Lair:6)
  19 jellies
  A quasit (D:11)
  11 orc priests
  A centaur skeleton (D:3)
  8 hounds
  14 orc wizards
  A bullfrog skeleton (D:12)
  An iguana (D:10)
  2 polar bear simulacra (Lair:2)
  6 worker ants
  3 yak simulacra (Lair:2)
  A killer bee zombie (D:8)
  7 gnolls
  17 adders
  4 shadow imps
  11 oozes
  An adder zombie (D:5)
  An adder skeleton (D:7)
  2 worms
  2 dart slugs (D:3)
  3 leopard geckos
  43 orcs
  2 bat zombies (D:6)
  13 giant cockroaches
  7 goblins
  9 hobgoblins
  5 jackals
  16 kobolds
  8 quokkas
  19 bats
  A frilled lizard (D:5)
  A quokka skeleton (D:4)
  6 rats
  2 rat zombies (D:6)
  6 river rat simulacra (Lair:2)
  2 plants (Lair:6)
553 creatures vanquished.

Vanquished Creatures (others)
  15 fungi
  4 plants (Lair:6)
19 creatures vanquished.

Grand Total: 572 creatures vanquished

Notes
Turn   | Place    | Note
-------+----------+-------------------------------------------
     0 | D:1      | JeffiDaFish the Gargoyle Fighter began the quest for the Orb.
     0 | D:1      | Reached XP level 1. HP: 14/14 MP: 1/1
    97 | D:1      | Reached XP level 2. HP: 19/19 MP: 2/2
   420 | D:1      | You fall through a shaft!
   436 | D:2      | Reached XP level 3. HP: 22/23 MP: 3/3
   612 | D:2      | Reached XP level 4. HP: 25/29 MP: 4/4
   910 | D:2      | Reached skill level 3 in Maces & Flails
  1682 | D:3      | Reached XP level 5. HP: 33/33 MP: 5/5
  1929 | D:3      | Reached skill level 4 in Maces & Flails
  1929 | D:3      | Reached XP level 6. HP: 26/38 MP: 6/6
  2513 | D:4      | Reached skill level 5 in Shields
  2888 | D:4      | Reached XP level 7. HP: 43/44 MP: 7/7
  3016 | D:4      | Reached skill level 5 in Maces & Flails
  3359 | D:5      | Entered Level 5 of the Dungeon
  3375 | D:5      | Reached skill level 1 in Stealth
  3678 | D:5      | Gained mutation: You have a pair of small horns on your head. [potion of beneficial mutation]
  3820 | D:5      | Noticed Menkaure
  3838 | D:5      | HP: 2/44 [Menkaure (2)]
  3840 | D:5      | Killed Menkaure
  4215 | D:5      | Found a staircase to the Ecumenical Temple.
  4216 | D:5      | Reached XP level 8. HP: 48/48 MP: 8/8
  4224 | Temple   | Entered the Ecumenical Temple
  4298 | Temple   | Became a worshipper of Makhleb the Destroyer
  4405 | D:5      | Found a sparkling altar of Nemelex Xobeh.
  4563 | D:5      | Reached skill level 6 in Maces & Flails
  5140 | D:6      | Identified a scroll of acquirement
  5151 | D:6      | Reached skill level 5 in Fighting
  5151 | D:6      | Reached skill level 5 in Armour
  5489 | D:6      | Reached * piety under Makhleb
  5527 | D:6      | Reached skill level 7 in Maces & Flails
  5632 | D:6      | Found an ancient bone altar of Kikubaaqudgha.
  6026 | D:6      | Reached skill level 1 in Dodging
  6058 | D:7      | Noticed a spriggan baker
  6058 | D:7      | Noticed Duvessa
  6058 | D:7      | Noticed Dowan
  6065 | D:7      | Killed a spriggan baker
  6065 | D:7      | Reached XP level 9. HP: 54/54 MP: 9/9
  6076 | D:7      | Killed Dowan
  6090 | D:7      | Killed Duvessa
  6142 | D:7      | Reached skill level 8 in Maces & Flails
  6379 | D:7      | Reached ** piety under Makhleb
  7123 | D:8      | Noticed Grum
  7136 | D:8      | Reached skill level 9 in Maces & Flails
  7162 | D:8      | Killed Grum
  7162 | D:8      | Reached XP level 10. HP: 21/61 MP: 10/10
  7498 | D:8      | Found a sacrificial altar of Ru.
  7894 | D:8      | Found a radiant altar of Vehumet.
  7924 | D:8      | Reached *** piety under Makhleb
  8125 | D:9      | Reached skill level 10 in Maces & Flails
  8959 | D:10     | Entered Level 10 of the Dungeon
  9038 | D:10     | Found a staircase to the Lair.
  9047 | D:10     | Reached skill level 10 in Shields
  9077 | D:10     | Reached XP level 11. HP: 61/68 MP: 11/11
  9167 | D:10     | Found a glowing golden altar of the Shining One.
  9490 | D:10     | Reached skill level 11 in Maces & Flails
 10099 | Lair:1   | Entered Level 1 of the Lair of Beasts
 10377 | Lair:1   | Noticed a four-headed hydra
 10384 | Lair:1   | Killed a four-headed hydra
 10607 | Lair:1   | Reached **** piety under Makhleb
 10678 | Lair:1   | Noticed a four-headed hydra
 10695 | Lair:1   | Killed a four-headed hydra
 11297 | Lair:2   | Noticed a necromancer
 11315 | Lair:2   | Killed a necromancer
 11315 | Lair:2   | Reached skill level 12 in Maces & Flails
 11457 | Lair:2   | Reached XP level 12. HP: 75/76 MP: 12/12
 12418 | Lair:3   | Reached skill level 13 in Maces & Flails
 12679 | Lair:3   | Reached ***** piety under Makhleb
 12769 | Lair:3   | Found a hazy altar of Hepliaklqana.
 12795 | Lair:3   | Found a staircase to the Snake Pit.
 12900 | Lair:3   | Noticed a six-headed hydra
 12907 | Lair:3   | Killed a six-headed hydra
 12937 | Lair:3   | Reached skill level 10 in Fighting
 13022 | Lair:3   | Found a staircase to the Shoals.
 13314 | Lair:4   | Reached XP level 13. HP: 72/82 MP: 13/13
 13411 | Lair:4   | Found a shattered altar of Ashenzari.
 13426 | Lair:4   | Noticed Nergalle
 13434 | Lair:4   | Killed Nergalle
 13857 | Lair:5   | Learned a level 4 spell: Fulminant Prism
 13908 | Lair:5   | Found a shimmering altar of Xom.
 13918 | Lair:5   | Found a frozen archway.
 13953 | IceCv    | Entered an ice cave
 13962 | IceCv    | Reached skill level 14 in Maces & Flails
 14026 | Lair:5   | Reached skill level 1 in Hexes
 14030 | Lair:5   | Reached skill level 1 in Conjurations
 14081 | Lair:5   | Reached skill level 1 in Spellcasting
 14632 | Lair:6   | Entered Level 6 of the Lair of Beasts
 14779 | Lair:6   | Found a staircase to the Slime Pits.
 14867 | Lair:6   | Reached ****** piety under Makhleb
 15355 | Lair:6   | Reached skill level 10 in Armour
 15423 | Lair:6   | Gained mutation: Your large and strong wings let you fly indefinitely. [Gargoyle growth]
 15423 | Lair:6   | Reached XP level 14. HP: 90/90 MP: 17/17
 15484 | Lair:6   | Found a large runed door.
 15485 | Lair:6   | Found a large runed door.
 15986 | Lair:6   | Noticed Snorg
 16004 | Lair:6   | Killed Snorg
 16600 | D:11     | Noticed christhawk's ghost (journeyman HaHu)
 16624 | D:11     | Killed christhawk's ghost
 16713 | D:11     | Noticed Maurice
 16727 | D:11     | Killed Maurice
 16764 | D:11     | Got an ichor-stained whip
 16765 | D:11     | Identified the +7 whip of Xesour {freeze, rElec Dex+2 SInv} (You found it on level 11 of the Dungeon)
 17026 | D:11     | Found a staircase to the Orcish Mines.
 17378 | D:12     | Gained mutation: Your muscles are strong. (Str +2) [potion of mutation]
 17378 | D:12     | Gained mutation: Your mind is acute. (Int +2) [potion of mutation]
 17378 | D:12     | Gained mutation: You are somewhat resistant to further mutation. [potion of mutation]
 17485 | D:12     | Mangled by a titanic slime creature

Skill      XL: |  1  2  3  4  5  6  7  8  9 10 11 12 13 14 |
---------------+-------------------------------------------+-----
Shields        | 4 5 6 7 8 10 11 12 13 | 13.6
Fighting       | 4 5 6 7 9 10 11 | 11.8
Maces & Flails | 3 4 5 7 9 10 12 13 14 | 14.7
Armour         | 4 5 6 7 8 10 | 10.7
Stealth        | 1 |  1.9
Dodging        | 1 2 |  2.0
Hexes          | 2 3 |  3.8
Conjurations   | 2 3 |  3.5
Spellcasting   | 2 3 |  3.4

Action                   |  1- 3 |  4- 6 |  7- 9 | 10-12 | 13-15 || total
-------------------------+-------+-------+-------+-------+-------++-------
Melee: Flail             |   106 |   277 |   223 |       |       ||   606
       Headbutt          |       |       |    82 |   175 |   161 ||   418
       Morningstar       |       |       |   384 |   853 |   560 ||  1797
       Whip              |       |       |       |       |   151 ||   151
 Abil: Fly               |       |       |       |       |     1 ||     1
  Use: Scroll            |     4 |     6 |     5 |    12 |     4 ||    31
       Potion            |     3 |     8 |     2 |     4 |     5 ||    22
 Stab: Invisible         |       |     1 |       |       |       ||     1
       Paralysed         |       |       |       |     1 |       ||     1
  Eat: Chunk             |       |     7 |    11 |    20 |    14 ||    52
       Bread ration      |       |       |     1 |       |       ||     1
       Meat ration       |       |       |       |     1 |       ||     1
       Fruit             |       |       |       |     1 |     1 ||     2
Armor: Scale mail        |    66 |    60 |       |       |       ||   126
       Chain mail        |       |   169 |       |       |       ||   169
       Plate armour      |       |       |   557 |   608 |   423 ||  1588
Dodge: Dodged            |    52 |    80 |   132 |   187 |   188 ||   639
Block: Shield            |    75 |   217 |   454 |   608 |   491 ||  1845
